 Dungeon Crawl Stone Soup version 0.25.1-8-g42b30a86e7 (webtiles) character file.

Game seed: 12399919040772613024

352 Destapler the Sneak (level 6, 0/37 HPs)
             Began as a Kobold Conjurer on Dec 10, 2020.
             Slain by a worker ant (8 damage)
             ... on level 3 of the Dungeon.
             The game lasted 00:14:06 (5351 turns).

Destapler the Sneak (Kobold Conjurer)               Turns: 5351, Time: 00:14:07

Health: 0/37       AC:  3    Str:  5    XL:     6   Next: 94%
Magic:  0/11       EV: 17    Int: 18    God:
Gold:   203        SH:  0    Dex: 16    Spells: 9/12 levels left

rFire    . . .     SeeInvis .   b - +3 whip
rCold    . . .     Gourm    .   (shield restricted)
rNeg     . . .     Faith    .   W - +1 robe
rPois    .         Spirit   .   (no helmet)
rElec    .         Reflect  .   (no cloak)
rCorr    .         Harm     .   (no gloves)
MR       .....                  (no boots)
Stlth    ++........             h - amulet of inaccuracy (curse)
HPRegen  0.12/turn              j - ring of attention (curse)
MPRegen  0.12/turn              (no ring)

@: lethally poisoned (0 -> -2)
A: small, carnivore
a: no special abilities


You were on level 3 of the Dungeon.
You were completely stuffed.

You visited 1 branch of the dungeon, and saw 4 of its levels.

You collected 203 gold pieces.

Inventory:

Hand Weapons
 a - a +0 dagger
 b - a +3 whip (weapon)
Missiles
 d - 4 atropa-tipped darts (quivered)
 o - 2 boomerangs
Armour
 e - a +3 leather armour of fire resistance
 W - a +1 robe (worn)
Jewellery
 g - an uncursed amulet of faith
 h - a cursed amulet of inaccuracy (around neck)
 j - a cursed ring of attention (left hand)
Scrolls
 f - 4 scrolls of teleportation
 k - a scroll of fear {unknown}
 l - a scroll of fog
 n - a scroll of magic mapping
 r - 5 scrolls of identify
 s - a scroll of amnesia {unknown}
 t - 3 scrolls of blinking {unknown}
 u - a scroll of immolation {unknown}
Potions
 i - a potion of might
 p - a potion of curing {unknown}
 q - a potion of heal wounds {unknown}
 v - a potion of stabbing {unknown}
Comestibles
 c - 5 rations


   Skills:
 + Level 3.3 Fighting
 + Level 4.5 Dodging
 + Level 5.3 Stealth
 + Level 3.8 Spellcasting
 - Level 4.0 Conjurations


You had 9 spell levels left.
You knew the following spells:

 Your Spells              Type           Power        Failure   Level  Hunger
a - Magic Dart            Conj           ###.         3%          1    None
b - Searing Ray           Conj           ###...       4%          2    ##.....

Your spell library contained the following spells:

 Spells                   Type           Power        Failure   Level  Hunger
 Dazzling Flash           Conj/Hex       ##....       21%         3    ###....
 Fulminant Prism          Conj/Hex       ##........   54%         4    ####...
 Iskenderun's Mystic Bla  Conj/Tloc      ##......     54%         4    ####...


Dungeon Overview and Level Annotations

Branches:
Dungeon (4/15)
 Temple: D:4-7

Altars:
Fedhas
Hepliaklqana
Trog
Xom

Annotations:
D:4 2 runed translucent doors, VinVin's ghost, amateur DsAs


Innate Abilities, Weirdness & Mutations

You are small and have problems with some larger weapons.
You are carnivorous and can eat meat at any time.


Message History

(Press . to maintain the ray.)
The worker ant completely misses you.
The worker ant waves its antennae.
The worker ant closely misses you.
You barely miss the worker ant.
The worker ant is severely wounded.
You feel sick. The worker ant bites you.
* * * LOW HITPOINT WARNING * * *
You hit the worker ant.
The worker ant is severely wounded.
The worker ant misses you.
You closely miss the worker ant.
The worker ant is severely wounded.
The worker ant closely misses you.
You barely miss the worker ant.
The worker ant is severely wounded.
You feel sick. The worker ant completely misses you.
b - a +3 whip (weapon)
The worker ant bites you!
You die...

.......## ##.##.# #.# #.#
#......#####...#.# #.# #.#
##...............# #.# #.#
.................# #.# #.#
###.....###......# #.# #.#
###..#..# ##.....# #.# #..
..[..#..#
##.#..#########.####..
####.#..#
#)#..................
........#
#...@..........####..
####.##.# ###a.###########
#.. # #.##.# ##.# #.# #
#.##.# #.# #)# ####.##.#
#.#### #.# ..##.##.# #....#
#.# .....##.# #.##.# #.#
#.#####.#
######.##.###########.#
#.##
#.###......##.............#


You could see a worker ant.

Vanquished Creatures
  An ogre (D:4)
  An orc priest (D:3)
  An iguana (D:4)
  6 gnolls
  4 adders (D:2)
  An ooze (D:2)
  2 worms
  3 dart slugs (D:1)
  2 leopard geckos
  3 orcs (D:3)
  2 ball pythons
  5 giant cockroaches
  8 goblins
  9 hobgoblins
  12 jackals
  2 quokkas
  11 bats
  4 frilled lizards
  11 kobolds
  5 rats (D:1)
93 creatures vanquished.

Notes
Turn   | Place    | Note
-------+----------+-------------------------------------------
     0 | D:1      | Destapler the Kobold Conjurer began the quest for the Orb.
     0 | D:1      | Reached XP level 1. HP: 10/10 MP: 3/3
   187 | D:1      | Reached skill level 3 in Stealth
   187 | D:1      | Reached XP level 2. HP: 16/16 MP: 3/5
   384 | D:1      | Reached skill level 1 in Fighting
   916 | D:1      | Reached XP level 3. HP: 20/20 MP: 4/6
  1994 | D:2      | Reached XP level 4. HP: 25/25 MP: 1/8
  2094 | D:2      | Learned a level 2 spell: Searing Ray
  2848 | D:2      | Found a shimmering altar of Xom.
  2850 | D:2      | Found a hazy altar of Hepliaklqana.
  2852 | D:2      | Found a bloodstained altar of Trog.
  3000 | D:2      | Reached skill level 4 in Stealth
  3215 | D:2      | Reached XP level 5. HP: 13/30 MP: 0/9
  4155 | D:3      | Found a blossoming altar of Fedhas.
  4196 | D:3      | Reached XP level 6. HP: 36/36 MP: 1/11
  4902 | D:4      | Noticed an ogre
  4907 | D:4      | Killed an ogre
  4907 | D:4      | Reached skill level 5 in Stealth
  5306 | D:4      | Found a runed translucent gate.
  5307 | D:4      | Found a runed translucent gate.
  5307 | D:4      | Noticed VinVin's ghost (amateur DsAs)
  5351 | D:3      | Slain by a worker ant

Illustrated notes

Levels and vault maps discovered:
D:1:      tarquinn_simple_flora_water_d, layout_basic
D:2:      layout_loops_corners, grunt_temple_overflow_open, first_ration,
          bh_walls_and_bars
D:3:      layout_loops_ring, old_standard_altar
D:4:      layout_rooms, nicolae_overflow_crystal_walls, old_standard_altar,
          minmay_temple_entry_tees, gammafunk_ghost_nasty_kobolds, st_stairs_5,
          minmay_statues_item

Skill      XL: |  1  2  3  4  5  6 |
---------------+-------------------+-----
Stealth        | 3 4 5 |  5.3
Fighting       | 1 2 3 |  3.3
Dodging        | 3 4 |  4.5
Spellcasting   | 3 |  3.8
Conjurations   | |  4.0

Action                   |  1- 3 |  4- 6 || total
-------------------------+-------+-------++-------
Melee: Unarmed           |    29 |       ||    29
       Dagger            |    13 |    27 ||    40
 Cast: Magic Dart        |    85 |   128 ||   213
       Searing Ray       |       |    13 ||    13
  Use: Potion            |     3 |       ||     3
       Scroll            |     4 |     1 ||     5
 Stab: Sleeping          |       |     1 ||     1
  Eat: Chunk             |    13 |    11 ||    24
Armor: Robe              |     9 |     9 ||    18
Dodge: Dodged            |    52 |    54 ||   106
